 Dungeon Crawl Stone Soup version 0.31.0-10-gcf4a605ca0 (webtiles) character file.

Game seed: 3347297946425205462

109137 javelincjr the Fighter (level 17, -3/143 HPs)
             Began as a Djinni Fire Elementalist on Jan 22, 2024.
             Was the Champion of Qazlal.
             Slain by a frost giant
             ... wielding a +2 battleaxe of freezing
              (9 damage)
             ... on level 3 of the Shoals on Jan 25, 2024.
             The game lasted 03:17:03 (23316 turns).

javelincjr the Fighter (Djinni Fire Elementalist)  Turns: 23316, Time: 03:17:04

Health: -3/143     AC: 28    Str: 12    XL:     17   Next: 6%
Gold:   1224       EV: 14    Int: 27    God:    Qazlal [******] SH:  8 Dex: 17

rFire   + + +        Y - +8 longbow "Zephyr" {speed, Dex+3 SInv}
rCold   x . .        (shield currently unavailable)
rNeg    . . .        c - +7 Kryia's mail coat {PotionHeal*2 rC+}
rPois   ∞            n - +2 helmet
rElec   .            r - +2 cloak
rCorr   .            u - +0 pair of gloves of Ginleff {+Blink Str+5 Int-4}
SInv    +            (boots unavailable)
Will    .....        y - amulet of regeneration
Stlth   +            F - ring of fire
HPRegen 1.23/turn    T - +6 ring of intelligence
MPRegen 0.00/turn

%: repel missiles, infuse magic (-4 HP)
@: weak-willed, protected from physical damage, flying, studying Ice Magic
A: sickness immunity, fire resistance 2, cold vulnerability 1, float, innate
caster, HP casting, extra vitality 1, camouflage 1, robust 1, shaggy fur 1
a: Renounce Religion, Evoke Blink, Upheaval, Elemental Force, Disaster Area


You were on level 3 of the Shoals.
You worshipped Qazlal.
Qazlal was exalted by your worship.
You visited 6 branches of the dungeon, and saw 23 of its levels.
You also visited: Ice Cave and Volcano.

You collected 2222 gold pieces.
You spent 998 gold pieces at shops.

Inventory:

Hand Weapons
 e - the +3 arbalest "Neuhuman" {speed, rElec rN+ MP-9 Int+3}
   (You found it on level 2 of the Shoals)

   Int+3:     It affects your intelligence (+3).
   rElec:     It insulates you from electricity.
   rN+:       It protects you from negative energy.
   MP-9:      It affects your magic capacity (-9).
 f - a +8 trident of draining
 X - a +3 hand cannon of electrocution
 Y - the +8 longbow "Zephyr" (weapon) {speed, Dex+3 SInv}
   (You took it off a minotaur on level 2 of the Shoals)

   Dex+3:     It affects your dexterity (+3).
   SInv:      It lets you see invisible.
Armour
 c - the +7 Kryia's mail coat (worn) {PotionHeal*2 rC+}
   (You acquired it on level 1 of the Lair of Beasts)

   PotionHeal*2: Potions heal its wearer twice as much.
   rC+:       It protects you from cold.
 n - a +2 helmet (worn)
 p - +0 acid dragon scales
 r - a +2 cloak (worn)
 u - the +0 pair of gloves of Ginleff (worn) {+Blink Str+5 Int-4}
   (You found it in a volcano)

   Str+5:     It affects your strength (+5).
   Int-4:     It affects your intelligence (-4).
   +Blink:    It lets you blink.
 B - the +5 chain mail of Anaesthesia {-Tele rElec rF+++ MP-9}
   (You found it on level 6 of the Dungeon)

   rF+++:     It renders you almost immune to fire.
   rElec:     It insulates you from electricity.
   MP-9:      It affects your magic capacity (-9).
   -Tele:     It prevents most forms of teleportation.
 C - a +3 leather armour of fire resistance
 E - a +1 chain mail of fire resistance
 H - a +2 pair of gloves
 M - a +2 leather armour of cold resistance
 U - a +2 troll leather armour {Snorg}
Jewellery
 y - an amulet of regeneration (around neck)
 F - a ring of fire (left hand)
 I - a ring of ice
 N - a ring of positive energy
 T - a +6 ring of intelligence (right hand)
Wands
 a - a wand of paralysis (19)
 g - a wand of mindburst (3)
 t - a wand of roots (12)
 w - a wand of polymorph (19)
 x - a wand of flame (26)
Scrolls
 b - 11 scrolls of teleportation
 h - 7 scrolls of poison
 l - 5 scrolls of fog
 v - a scroll of noise {unknown}
 z - 7 scrolls of fear
 A - 2 scrolls of vulnerability
 K - a scroll of immolation
 O - 2 scrolls of silence
 V - a scroll of blinking
 W - 3 scrolls of enchant armour
Potions
 d - 3 potions of mutation
 i - 4 potions of brilliance
 j - 10 potions of curing
 m - a potion of berserk rage
 o - 2 potions of enlightenment
 q - 2 potions of haste
 s - 2 potions of invisibility
 D - a potion of cancellation
 G - a potion of attraction {unknown}
 P - 4 potions of resistance
 Q - 2 potions of lignification {unknown}
 R - 3 potions of might {unknown}
 Z - a potion of ambrosia {unknown}
Miscellaneous
 L - a lightning rod (4/4)
 S - a condenser vane


   Skills:
 * Level 14.9 Fighting
 + Level 8.1 Polearms
 + Level 1.6 Ranged Weapons
 + Level 10.5 Armour
 + Level 11.7 Dodging
 - Level 1.5 Stealth
 * Level 11.9 Spellcasting
 * Level 11.9 Conjurations
 * Level 11.9 Hexes
 * Level 11.9 Summonings
 * Level 11.9 Necromancy
 * Level 11.9 Translocations
 * Level 11.9 Fire Magic
 * Level 12.7 Ice Magic
 * Level 11.9 Air Magic
 * Level 11.9 Earth Magic
 * Level 11.9 Alchemy
 + Level 9.7 Invocations
 + Level 6.0 Evocations


You knew the following spells:

 Your Spells              Type           Power      Damage    Failure   Level
a - Foxfire               Conj/Fire      100%       2x1d9     1%          1
b - Scorch                Fire           100%       2d9       1%          2
c - Volatile Blastmotes   Fire/Tloc      100%       2d18      1%          3
d - Inner Flame           Hex/Fire       88%        N/A       1%          3
e - Flame Wave            Conj/Fire      88%        2d19      1%          4
f - Necrotise             Necr           100%       1d9       1%          1
g - Call Imp              Summ           100%       N/A       1%          2
h - Call Canine Familiar  Summ           69%        N/A       1%          3
i - Mephitic Cloud        Conj/Alch/Air  69%        N/A       1%          3
j - Summon Blazeheart Go  Fire/Summ      88%        N/A       1%          4
k - Summon Mana Viper     Hex/Summ       69%        N/A       2%          5
l - Bombard               Conj/Erth      34%        9d6       14%         6
m - Monstrous Menagerie   Summ           34%        N/A       63%         7
Your spell library was empty.

Dungeon Overview and Level Annotations

Branches:
Dungeon (11/15)            Temple (1/1) D:4            Lair (5/5) D:11
 Shoals (3/4) Lair:2       Spider (1/4) Lair:2        Slime (0/5) Lair:4
    Orc (2/2) D:11            Elf (0/3) Orc:2         IceCv (visited)
Volcano (visited)

Altars:
Ashenzari
Cheibriados
Dithmenos
Elyvilon
Fedhas
Gozag
Hepliaklqana
Makhleb
Nemelex Xobeh
Okawaru
Qazlal
Ru
Trog
Uskayaw
Wu Jian
Xom
Yredelemnul
Zin
The Shining One

Shops:
D:5 (   D:10 ?   Orc:2 =[??   Shoals:2 (

Portals:
Pandemonium: Orc:2

Annotations:
Shoals:3 Bai Suzhen


Innate Abilities, Weirdness & Mutations

You are immune to sickness and miasma.
You are immune to poison.
Your flesh is very heat resistant. (rF++)
You are vulnerable to cold. (rC-)
You float through the air rather than walking.
You learn spells naturally, not from books.
Your magical power is your life essence.
You have superior vitality. (+4 MHP)
Your skin changes colour to match your surroundings (Stealth+).
You are robust. (+10% HP)
You are covered in fur. (AC +1)


Message History

A wave of flame ripples out!
The flame wave engulfs the titan!!
The titan is severely wounded.
The flame wave engulfs the frost giant!
The frost giant is severely wounded.
You hear a shout!
The frost giant is engulfed in a cloud of scalding steam.
The frost giant splashes around in the water.
The titan casts a spell at you. The bolt of lightning misses you.
The satyr moves out of view.
A wave of flame ripples out!
The flame wave engulfs the titan!
The titan is almost dead.
The flame wave engulfs the frost giant!
The frost giant is severely wounded.
You finish channelling waves of flame.
The frost giant is engulfed in a cloud of scalding steam.
The frost giant casts a spell at you. The bolt of cold hits you!!!
You feel a terrible chill!
Your resistance to physical damage fades away.
You feel protected from cold.
* * * LOW HITPOINT WARNING * * *
The titan splashes around in the water.
Casting: Flame Wave (mildly dangerous; 1% risk of failure)
Confirm with . or Enter, or press ? or * to list all spells.
Casting: Flame Wave (mildly dangerous; 1% risk of failure)
Press: ? - help, Dir - look around, f - activate You feel a surge of power!
A wave of flame ripples out!
The flame wave engulfs the titan.
The titan is almost dead.
The flame wave engulfs the frost giant!
The frost giant is almost dead. (Press . to intensify the flame waves.)
* * * LOW HITPOINT WARNING * * *
You hear a shout!
The frost giant is engulfed in a cloud of scalding steam.
The frost giant hits you with a +2 battleaxe of freezing!
* * * LOW HITPOINT WARNING * * *
Your resistance to cold fades away.
You feel protected from physical attacks.
The frost giant freezes you!
You die...

~~~~~≈≈≈≈≈≈ #≈≈#
~~~~~≈≈≈≈≈≈ #≈≈8
~~~~≈≈≈≈≈≈≈
#≈≈##~~~~~~≈≈≈≈≈
C≈≈≈#.~~~~~≈≈≈≈≈
#≈≈##...~~~≈≈≈≈≈ ≈≈
#§≈8#...~~≈≈≈≈≈≈
#≈≈#########§§##...~~≈≈≈≈≈≈
#≈≈≈≈≈≈≈§§@C§≈#..~~~≈≈≈≈≈≈≈
#≈≈≈≈≈≈§§§C§##.~~~~≈≈≈≈≈≈≈
##≈#8#c#8#§##~~~~≈≈≈≈≈≈≈≈≈
..#####c#####~~~≈≈≈≈≈≈≈≈≈≈≈
.............~~≈≈≈≈≈≈≈≈≈≈≈≈
.............)≈≈≈≈≈≈≈≈≈≈≈≈≈
............~~≈≈≈≈≈≈≈≈≈≈≈≈≈
...........~~≈≈≈≈≈≈≈≈≈≈≈≈≈≈
~~~.......~~~≈≈≈≈≈≈≈≈≈≈≈≈≈≈


You could see a titan and a frost giant.

Vanquished Creatures
  Nikola (Shoals:1)
  Gastronok (D:9)
  Ilsuiw (Shoals:3)
  A frost giant (Shoals:3)
  A minotaur (Shoals:2)
  Snorg (Lair:4)
  A merfolk javelineer (Shoals:2)
  2 merfolk impalers
  An entropy weaver (Spider:1)
  3 demonspawn (Orc:2)
  3 catoblepae (Lair:5)
  2 hydras
  The ghost of SnakkuSnakku7 the Skirmisher, a journeyman MfEE of Xom (D:10)
  An alligator snapping turtle (Shoals:3)
  2 centaur warriors (D:11)
  A boulder beetle (D:11)
  9 death yaks (Lair:5)
  A radroach (Spider:1)
  A two-headed ogre (D:10)
  A satyr (Shoals:2)
  9 orc high priests
  Amaemon (Lair:2)
  Nergalle (Lair:2)
  4 skysharks
  A fire crab (Volcano)
  A sixfirhy (Orc:2)
  2 sea snakes
  5 orc knights
  2 wolf spiders (Lair:2)
  7 cyclopes
  A salamander (Volcano)
  2 orc sorcerers (Orc:2)
  9 manticores
  9 fauns
  11 elephants
  4 meliai
  4 merfolk sirens
  2 ice statues (IceCv)
  2 kobold blastminers (Orc:1)
  A smoke demon (Orc:2)
  2 black mambas
  2 gargoyles
  5 water nymphs
  Jeremiah (D:7)
  2 unseen horrors (D:11)
  Maggie (D:6)
  7 cane toads
  4 komodo dragons
  A freezing wraith (D:11)
  2 kobold demonologists
  3 rime drakes
  5 ice devils (IceCv)
  3 polar bears (Lair:4)
  3 anaconda simulacra (IceCv)
  3 trolls
  14 merfolk
  3 wind drakes
  A queen bee (D:11)
  2 tarantellas (Spider:1)
  A hellwing (Orc:2)
  A hornet (Lair:2)
  Prince Ribbit (D:5)
  A blink frog (shapeshifter) (D:10)
  15 blink frogs
  A dream sheep (Shoals:3)
  2 snapping turtles
  A jumping spider (Spider:1)
  2 raiju (D:8)
  3 culicivoras
  5 water elementals
  A dire elephant simulacrum (IceCv)
  A shadow (D:11)
  61 yaks
  3 basilisks
  3 wyverns
  2 fire bats (Volcano)
  3 wargs (Orc:1)
  Grum (D:8)
  Edmund (D:6)
  A redback (Spider:1)
  2 death yak simulacra
  A vampire mosquito (D:11)
  2 steam dragons
  3 harpy simulacra (IceCv)
  4 acid dragons
  13 water moccasins
  A hell hound (Volcano)
  3 hydra simulacra (IceCv)
  A nameless horror (Lair:2)
  21 orc warriors
  2 ice beasts
  2 ogres (Orc:1)
  4 boggarts (Lair:4)
  10 centaurs
  23 wolves
  A centaur (shapeshifter) (D:11)
  A phantom (D:6)
  4 kobold brigands
  10 bullfrogs
  2 two-headed ogre simulacra
  4 scorpions
  2 cane toad simulacra
  8 wights
  29 killer bees
  7 electric eels
  A bombardier beetle (D:3)
  A jelly (D:6)
  18 orc priests
  8 hounds
  3 sleepcaps
  Terence (D:2)
  3 iguanas
  2 troll simulacra (Orc:2)
  11 orc wizards
  2 polar bear simulacra
  A wolf simulacrum (Orc:2)
  8 adders
  14 gnolls
  2 naga simulacra
  A shadow imp (D:5)
  2 white imps
  2 ribbon worms
  55 orcs
  5 ball pythons
  9 endoplasms
  2 giant cockroaches
  9 goblins
  16 hobgoblins
  10 jackals
  A quokka (D:3)
  4 bats
  5 frilled lizards
  19 kobolds
  9 rats
671 creatures vanquished.

Vanquished Creatures (collateral kills)
  Roxanne (Shoals:1)
  A reaper (IceCv)
  A death knight (D:11)
  An orc high priest (Orc:2)
  A cyclops (D:11)
  An oklob plant (Lair:5)
  2 black mambas
  An elephant (Lair:5)
  2 kobold blastminers (Orc:1)
  A merfolk siren (Shoals:3)
  An orange demon (Lair:2)
  A hornet (D:8)
  Sigmund (D:5)
  A wyvern (D:11)
  3 yaks
  A water elemental (D:11)
  A basilisk (Lair:1)
  A vampire mosquito (D:11)
  An acid dragon (D:11)
  A water moccasin (Lair:1)
  5 orc warriors (Orc:2)
  2 centaurs
  A two-headed ogre simulacrum (IceCv)
  A wight (D:9)
  3 killer bees (D:11)
  2 hounds
  5 orc priests
  A gnoll bouda (D:6)
  3 gnolls
  18 orcs
  37 foxfires
102 creatures vanquished.

Vanquished Creatures (others)
  A two-headed ogre (Volcano)
  A snapping turtle (Shoals:1)
  2 centaurs (Volcano)
  An orc wizard (D:7)
  2 blazeheart cores
  1751 foxfires
1758 creatures vanquished.

Grand Total: 2531 creatures vanquished

Notes
Turn   | Place    | Note
-------+----------+-------------------------------------------
     0 | D:1      | javelincjr the Djinni Fire Elementalist began the quest for
                  | the Orb.
     0 | D:1      | javelincjr set off with the following spells memorised:
                  | Foxfire, Scorch, Volatile Blastmotes, Inner Flame, Flame
                  | Wave.
     0 | D:1      | Reached XP level 1. HP: 15/15 MP: 0/0
    67 | D:1      | Reached XP level 2. HP: 12/22 MP: 0/0
   246 | D:1      | Reached skill level 1 in Fighting
   302 | D:1      | Reached XP level 3. HP: 22/27 MP: 0/0
   302 | D:1      | Learned a level 1 spell: Necrotise
   729 | D:1      | Reached skill level 1 in Armour
   865 | D:2      | Reached XP level 4. HP: 29/33 MP: 0/0
   950 | D:2      | Reached skill level 2 in Fighting
  1036 | D:2      | Noticed Terence
  1042 | D:2      | Killed Terence
  1043 | D:2      | Reached XP level 5. HP: 31/38 MP: 0/0
  1043 | D:2      | Learned a level 2 spell: Call Imp
  1339 | D:2      | Found a hide-covered altar of Uskayaw.
  1783 | D:3      | Found a faded altar of an unknown god.
  2103 | D:3      | Reached XP level 6. HP: 40/45 MP: 0/0
  2109 | D:3      | Reached skill level 3 in Fighting
  2310 | D:3      | Found a glowing golden altar of the Shining One.
  2599 | D:4      | Found a staircase to the Ecumenical Temple.
  2617 | Temple   | Entered the Ecumenical Temple
  2629 | Temple   | Became a worshipper of Qazlal Stormbringer
  2646 | D:4      | Identified the +1 robe of Immorality {Dex+3}
  2812 | D:4      | Found a bloodstained altar of Trog.
  3433 | D:5      | Entered Level 5 of the Dungeon
  3433 | D:5      | Found Qiunkax's Weapon Boutique.
  3506 | D:5      | Noticed Prince Ribbit
  3518 | D:5      | Killed Prince Ribbit
  3519 | D:5      | Reached skill level 4 in Fighting
  3519 | D:5      | Reached XP level 7. HP: 44/52 MP: 0/0
  3519 | D:5      | Learned a level 3 spell: Call Canine Familiar
  3679 | D:5      | Noticed Sigmund
  3690 | D:5      | Gained mutation: You have hidden genetic defects. [potion
                  | of mutation]
  3690 | D:5      | Gained mutation: You have a pair of small antennae on your
                  | head. [potion of mutation]
  3692 | D:5      | Killed Sigmund
  3693 | D:5      | Reached skill level 5 in Spellcasting
  3693 | D:5      | Reached skill level 5 in Conjurations
  3693 | D:5      | Reached skill level 5 in Hexes
  3693 | D:5      | Reached skill level 5 in Summonings
  3693 | D:5      | Reached skill level 5 in Necromancy
  3693 | D:5      | Reached skill level 5 in Translocations
  3693 | D:5      | Reached skill level 5 in Fire Magic
  3693 | D:5      | Reached skill level 5 in Ice Magic
  3693 | D:5      | Reached skill level 5 in Air Magic
  3693 | D:5      | Reached skill level 5 in Earth Magic
  3693 | D:5      | Reached skill level 5 in Alchemy
  3693 | D:5      | Reached XP level 8. HP: 10/58 MP: 0/0
  3704 | D:5      | Gained mutation: You occasionally shout uncontrollably at
                  | your foes. [hidden defects]
  3705 | D:5      | Lost mutation: You occasionally shout uncontrollably at
                  | your foes. [potion of mutation]
  3705 | D:5      | Lost mutation: You have a pair of small antennae on your
                  | head. [potion of mutation]
  3705 | D:5      | Lost mutation: You have hidden genetic defects. [potion of
                  | mutation]
  3705 | D:5      | Gained mutation: You are robust. (+10% HP) [potion of
                  | mutation]
  3705 | D:5      | Gained mutation: Your skin changes colour to match your
                  | surroundings (Stealth+). [potion of mutation]
  3705 | D:5      | Gained mutation: You are covered in fur. (AC +1) [potion of
                  | mutation]
  3898 | D:5      | Reached * piety under Qazlal
  3944 | D:5      | You are sucked into a shaft and drop 3 floors!
  3954 | D:8      | Reached skill level 5 in Fighting
  4007 | D:7      | Noticed Jeremiah
  4022 | D:7      | Killed Jeremiah
  4363 | D:7      | Reached XP level 9. HP: 69/72 MP: 0/0
  4363 | D:7      | Learned a level 3 spell: Mephitic Cloud
  4472 | D:6      | Noticed Maggie
  4475 | D:6      | Reached skill level 6 in Fighting
  4475 | D:6      | Reached skill level 5 in Dodging
  4475 | D:6      | Reached skill level 1 in Invocations
  4483 | D:6      | Killed Maggie
  4484 | D:6      | Reached skill level 1 in Polearms
  5220 | D:5      | Reached ** piety under Qazlal
  5357 | D:6      | Identified the +5 chain mail of Anaesthesia {-Tele rElec
                  | rF+++ MP-9}
  5430 | D:6      | Noticed Edmund
  5442 | D:6      | Killed Edmund
  5555 | D:6      | Reached skill level 7 in Fighting
  5639 | D:6      | Reached XP level 10. HP: 62/82 MP: 0/0
  6665 | D:8      | Reached skill level 5 in Armour
  6823 | D:8      | Found a snail-covered altar of Cheibriados.
  6823 | D:8      | Found a sacrificial altar of Ru.
  6823 | D:8      | Found a basalt altar of Yredelemnul.
  6893 | D:8      | Reached *** piety under Qazlal
  7071 | D:8      | Noticed Grum
  7076 | D:8      | Killed Grum
  7387 | D:8      | Reached skill level 8 in Fighting
  8244 | D:9      | Noticed Gastronok
  8252 | D:9      | Killed Gastronok
  8253 | D:9      | Reached XP level 11. HP: 53/90 MP: 0/0
  8253 | D:9      | Learned a level 4 spell: Summon Blazeheart Golem
  8360 | D:9      | Found a burning altar of Makhleb.
  8362 | D:9      | Found a glowing silver altar of Zin.
  8362 | D:9      | Noticed a balrug
  8362 | D:9      | Noticed an angel
  8637 | D:9      | Reached skill level 9 in Fighting
  8899 | D:9      | Found a hazy altar of Hepliaklqana.
  8903 | D:9      | Found a shadowy altar of Dithmenos.
  9243 | D:10     | Entered Level 10 of the Dungeon
  9270 | D:10     | Upgraded the game from 0.31.0-4-g52a2dc7128 to
                  | 0.31.0-7-gf635a9b802
  9337 | D:10     | Found a runed translucent gate.
  9340 | D:10     | Found a runed translucent gate.
  9340 | D:10     | Found a runed translucent gate.
  9342 | D:10     | Noticed SnakkuSnakku7's ghost (journeyman MfEE)
  9375 | D:10     | Killed SnakkuSnakku7's ghost
  9497 | D:10     | Reached skill level 5 in Invocations
  9700 | D:10     | Found Niodob's Magic Scroll Boutique.
  9708 | D:10     | Bought a scroll of blinking for 90 gold pieces
  9708 | D:10     | Bought a scroll of fear for 48 gold pieces
  9708 | D:10     | Bought a scroll of enchant armour for 90 gold pieces
  9986 | D:10     | Reached **** piety under Qazlal
 10424 | D:11     | Found a staircase to the Lair.
 10432 | D:11     | Reached XP level 12. HP: 37/100 MP: 0/0
 10796 | D:11     | Reached skill level 10 in Fighting
 10909 | D:11     | Found a staircase to the Orcish Mines.
 10911 | D:11     | Identified the +0 pair of boots of Voedal {Str+2 Dex+2}
 11374 | D:11     | Noticed a two-headed ogre
 11376 | D:11     | Noticed an entropy weaver
 11379 | D:11     | Noticed a centaur warrior
 11384 | D:10     | Reached ***** piety under Qazlal
 11555 | D:10     | an entropy weaver changed into a culicivora
 11570 | D:10     | Killed a two-headed ogre
 11599 | D:11     | Reached skill level 5 in Polearms
 11650 | D:11     | Noticed a centaur warrior
 11659 | D:11     | Killed a centaur warrior
 11754 | D:11     | Noticed a death knight
 11773 | D:11     | Killed a death knight
 11842 | D:11     | Killed a centaur warrior
 11850 | D:11     | Reached XP level 13. HP: 88/107 MP: 0/0
 11850 | D:11     | Learned a level 5 spell: Summon Mana Viper
 11937 | D:11     | Reached skill level 11 in Fighting
 12435 | Lair:1   | Entered Level 1 of the Lair of Beasts
 12488 | Lair:1   | Identified a scroll of acquirement
 12488 | Lair:1   | Acquired the +7 Kryia's mail coat {PotionHeal*2 rC+}
 12488 | Lair:1   | Found the +7 Kryia's mail coat {PotionHeal*2 rC+}
 12823 | Lair:1   | Found a dark tunnel.
 12832 | Volcano  | Entered a volcano
 13250 | Volcano  | Identified the +0 pair of gloves of Ginleff {+Blink Str+5
                  | Int-4}
 14442 | Lair:2   | Noticed Amaemon
 14450 | Lair:2   | Killed Amaemon
 14553 | Lair:2   | Upgraded the game from 0.31.0-7-gf635a9b802 to
                  | 0.31.0-9-g3a7656b989
 14646 | Lair:2   | Noticed Nergalle
 14661 | Lair:2   | Killed Nergalle
 14937 | Lair:2   | Found a hole to the Spider Nest.
 15108 | Lair:2   | Found a staircase to the Shoals.
 15239 | Lair:3   | Reached skill level 12 in Fighting
 15248 | Lair:3   | Noticed a seven-headed hydra
 15251 | Lair:3   | Killed a seven-headed hydra
 15357 | Lair:3   | Reached XP level 14. HP: 117/117 MP: 0/0
 15983 | Lair:3   | Reached skill level 1 in Evocations
 16009 | Lair:3   | Reached skill level 10 in Spellcasting
 16009 | Lair:3   | Reached skill level 10 in Conjurations
 16009 | Lair:3   | Reached skill level 10 in Hexes
 16009 | Lair:3   | Reached skill level 10 in Summonings
 16009 | Lair:3   | Reached skill level 10 in Necromancy
 16009 | Lair:3   | Reached skill level 10 in Translocations
 16009 | Lair:3   | Reached skill level 10 in Fire Magic
 16009 | Lair:3   | Reached skill level 10 in Ice Magic
 16009 | Lair:3   | Reached skill level 10 in Air Magic
 16009 | Lair:3   | Reached skill level 10 in Earth Magic
 16009 | Lair:3   | Reached skill level 10 in Alchemy
 16031 | Lair:4   | Noticed Snorg
 16046 | Lair:4   | Killed Snorg
 16203 | Lair:4   | Reached skill level 10 in Dodging
 16709 | Lair:4   | Found a staircase to the Slime Pits.
 16836 | Lair:4   | Reached ****** piety under Qazlal
 17057 | Lair:5   | Entered Level 5 of the Lair of Beasts
 17556 | Lair:5   | Reached skill level 13 in Fighting
 17676 | Lair:5   | Reached XP level 15. HP: 116/125 MP: 0/0
 17676 | Lair:5   | Learned a level 6 spell: Bombard
 18141 | Orc:1    | Entered Level 1 of the Orcish Mines
 18223 | Orc:1    | You are sucked into a shaft and drop 1 floor!
 18223 | Orc:2    | Entered Level 2 of the Orcish Mines
 18439 | Orc:2    | Found Syteu's Magic Scroll Shoppe.
 18479 | Orc:2    | Found Ecrovaco's Magic Scroll Emporium.
 18534 | Orc:2    | Bought a scroll of blinking for 112 gold pieces
 18534 | Orc:2    | Bought a scroll of revelation for 112 gold pieces
 18538 | Orc:2    | Bought a scroll of enchant armour for 97 gold pieces
 18538 | Orc:2    | Bought a scroll of enchant armour for 97 gold pieces
 18614 | Orc:2    | Found a frozen archway.
 18628 | IceCv    | Entered an ice cave
 19223 | IceCv    | Noticed a reaper
 19237 | IceCv    | Killed a reaper
 19619 | Orc:2    | Found a staircase to the Elven Halls.
 20333 | Orc:2    | Upgraded the game from 0.31.0-9-g3a7656b989 to
                  | 0.31.0-10-gcf4a605ca0
 20349 | Orc:2    | Reached skill level 14 in Fighting
 20353 | Orc:2    | Reached XP level 16. HP: 77/135 MP: 0/0
 20466 | Orc:2    | Found Giehi's Antique Armour Shop.
 20466 | Orc:2    | Found Juwel's Jewellery Boutique.
 20467 | Orc:2    | Found a one-way gate leading to the halls of Pandemonium.
 20478 | Orc:2    | Bought a slimy ring mail for 216 gold pieces
 20478 | Orc:2    | Identified the +1 ring mail of Tenacity {rN+} (You bought
                  | it in a shop on level 2 of the Orcish Mines)
 20478 | Orc:2    | Bought a slimy robe for 136 gold pieces
 20478 | Orc:2    | Identified the +1 robe "Fanuq" {Will+} (You bought it in a
                  | shop on level 2 of the Orcish Mines)
 20792 | Spider:1 | Entered Level 1 of the Spider Nest
 20801 | Spider:1 | Noticed an emperor scorpion
 20803 | Spider:1 | Reached skill level 5 in Evocations
 20808 | Lair:2   | Reached skill level 10 in Armour
 20924 | Shoals:1 | Entered Level 1 of the Shoals
 20924 | Shoals:1 | Noticed Roxanne
 20932 | Shoals:1 | Noticed Nikola
 20949 | Shoals:1 | Killed Nikola
 20970 | Shoals:1 | Killed Roxanne
 22140 | Shoals:2 | Found Kagetz's Weapon Shop.
 22371 | Shoals:2 | Found a hide-covered altar of Uskayaw.
 22383 | Shoals:2 | Identified the +3 arbalest "Neuhuman" {speed, rElec rN+
                  | MP-9 Int+3}
 22486 | Shoals:2 | Reached skill level 1 in Ranged Weapons
 22950 | Shoals:3 | Found Ehueth's Jewellery Boutique.
 22961 | Shoals:3 | Noticed Ilsuiw
 23067 | Shoals:3 | Noticed Bai Suzhen
 23229 | Shoals:3 | Killed Ilsuiw
 23238 | Shoals:3 | Reached XP level 17. HP: 109/143 MP: 0/0
 23238 | Shoals:3 | Learned a level 7 spell: Monstrous Menagerie
 23306 | Shoals:3 | Noticed a titan
 23316 | Shoals:3 | HP: 6/143 [frost giant/+2 battleaxe of freezing (17)]
 23316 | Shoals:3 | Slain by a frost giant

Illustrated notes

Levels and vault maps discovered:
D:1:      dpeg_arrival_oval, layout_rooms
D:2:      layout_loops_ring, basic_altar, minmay_tromino_v2, uniq_terence
D:3:      layout_basic, nicolae_tso_swordbearing_angel,
          shapermc_ecumenical_altar_mp_urbaneastern
D:4:      layout_cave_pods, general_overflow_altar,
          minmay_temple_entry_sparse_star
D:5:      layout_basic, serial_shops, nicolae_shop_crystal,
          chequers_serial_rivers_micro_b, sigmund_army, uniq_prince_ribbit1,
          uniq_sigmund
D:6:      layout_rooms, serial_curves, eino_curves_02, eino_curves_02,
          serial_park_tiny_2, uniq_maggie, uniq_edmund
D:7:      layout_gridville, st_stairs_3, uniq_jeremiah
D:8:      layout_basic, gammafunk_temple_overflow_claw,
          nicolae_have_a_lightning_rod, uniq_grum
D:9:      layout_small_grid, grunt_temple_overflow_order_and_chaos_2,
          riverfiend_overflow_shadow_ancestor, uniq_gastronok
D:10:     layout_basic, ebering_ghost_rock_garden, serial_shops, shop_fountains,
          hive_lemuel
D:11:     regret_index_wax_grids, layout_cave_pools, erik_lair_island,
          david_orc_3, serial_column_ruins, column_ruins_circle_medium,
          column_ruins_square_medium, column_ruins_open_tiny,
          column_ruins_grid_1, column_ruins_grid_2,
          column_ruins_columns_straight, kennysheep_generic_room_2
Temple:   nicolae_temple_god_jail
Lair:1:   layout_chaotic_city, enter_volcano_2, grunt_megastairs_1
Lair:2:   layout_long_grid, mainiacjoe_shoals_entry_four_pools,
          hellmonk_spider_entry_not_the_bees, uniq_amaemon, uniq_nergalle
Lair:3:   layout_loops_ring
Lair:4:   layout_cave_pods, dpeg_slime_entry_enclosed, kilobyte_rumbling_trees,
          uniq_snorg
Lair:5:   evilmike_catoblepas_cave, layout_big_grid
Shoals:1: nicolae_shoals_aurelia_aurita, layout_shoals, uniq_nikola,
          uniq_roxanne
Shoals:2: layout_shoals, serial_shops, nicolae_shop_tiny_waterfront,
          regret_index_shoals_crete
Shoals:3: cheibrodos_shoals_oceanic_diplomacy, layout_shoals,
          nicolae_stop_n_shop_2, st_sunken_temple, uniq_ilsuiw, uniq_bai_suzhen
Spider:1: layout_spider_delve, nicolae_crawler_farm
Orc:1:    layout_caves
Orc:2:    pf_orc_diabolical, layout_diamond_mine,
          portal_ice_cave_entry_ice_simulacra

Skill      XL: |  1  2  3  4  5  6  7  8  9 10 11 12 13 14 15 16 |
---------------+-------------------------------------------------+-----
Fighting       | 1 2 4 5 7 8 9 10 12 13 14 | 14.9
Armour         | 1 2 3 4 5 6 7 8 9 10 | 10.5
Dodging        | 3 4 5 6 7 8 9 10 11 | 11.7
Spellcasting   | 4 5 6 7 8 9 10 11 | 11.9
Conjurations   | 4 5 6 7 8 9 10 11 | 11.9
Hexes          | 4 5 6 7 8 9 10 11 | 11.9
Summonings     | 4 5 6 7 8 9 10 11 | 11.9
Necromancy     | 4 5 6 7 8 9 10 11 | 11.9
Translocations | 4 5 6 7 8 9 10 11 | 11.9
Fire Magic     | 4 5 6 7 8 9 10 11 | 11.9
Ice Magic      | 4 5 6 7 8 9 10 11 12 | 12.7
Air Magic      | 4 5 6 7 8 9 10 11 | 11.9
Earth Magic    | 4 5 6 7 8 9 10 11 | 11.9
Alchemy        | 4 5 6 7 8 9 10 11 | 11.9
Invocations    | 2 4 5 6 7 8 9 |  9.7
Polearms       | 2 3 4 5 6 7 8 |  8.1
Evocations     | 3 4 6 |  6.0
Ranged Weapons | 1 |  1.6
Stealth        | |  1.5

Action                     |  1- 3 |  4- 6 |  7- 9 | 10-12 | 13-15 | 16-18 || total
---------------------------+-------+-------+-------+-------+-------+-------++-------
  Melee: Unarmed           |     4 |     9 |       |       |       |       ||    13
         Whip              |       |       |     1 |       |       |       ||     1
         Trident           |       |       |    19 |    68 |   210 |    33 ||   330
         Punch             |       |       |       |       |     3 |       ||     3
   Fire: Longbow           |       |       |       |       |       |    55 ||    55
   Cast: Foxfire           |    82 |   137 |    95 |   238 |   269 |   183 ||  1004
         Scorch            |       |    28 |    43 |   106 |   202 |    81 ||   460
         Call Imp          |       |     1 |    10 |     8 |     7 |       ||    26
         Call Canine Famil |       |       |    19 |    29 |    48 |     3 ||    99
         Volatile Blastmot |       |       |     1 |     1 |     1 |       ||     3
         Flame Wave        |       |       |     1 |    12 |    96 |    29 ||   138
         Mephitic Cloud    |       |       |     1 |     2 |    11 |     1 ||    15
         Summon Blazeheart |       |       |       |    12 |    13 |     1 ||    26
         Inner Flame       |       |       |       |     4 |       |       ||     4
         Summon Mana Viper |       |       |       |       |    15 |     7 ||    22
         Bombard           |       |       |       |       |    28 |     3 ||    31
 Invoke: Elemental Force   |       |       |       |     2 |       |     3 ||     5
         Upheaval          |       |       |       |       |     1 |       ||     1
  Evoke: Lightning rod     |       |       |       |       |     4 |       ||     4
         Wand              |       |       |       |       |     1 |       ||     1
    Use: Potion            |       |       |     4 |     1 |       |     3 ||     8
         Scroll            |       |       |     8 |    16 |     5 |     3 ||    32
   Stab: Distracted        |       |       |     1 |       |       |       ||     1
 Armour: Robe              |     8 |    10 |    28 |       |       |       ||    46
         Steam dragon scal |       |       |     7 |   114 |       |       ||   121
         Troll leather arm |       |       |       |    27 |    20 |       ||    47
         Scale mail        |       |       |       |       |   408 |   149 ||   557
  Dodge: Dodged            |     6 |     8 |    32 |   130 |   232 |    90 ||   498
         Repelled          |       |       |       |     1 |     7 |     2 ||    10
  Block: Other             |       |       |     6 |    33 |   151 |    49 ||   239
